Map: Triton LE

Players

ViBE - Winner!

  • Race: Zerg Zerg
  • League: Platinum
  • Spawn Location: 5:00

BZwithWAR

  • Race: Zerg Zerg
  • League: Platinum
  • Spawn Location: 11:00

VOD

Have the link to the VOD?

Description

Time

  • Played on: Dec. 12, 2019, 9:48 p.m.
  • Length: 9:39
Show
View Real Time Build Order
Export as new Build Order

ViBE Zerg - Winner!

Build Orders: Hatch First, Roach Hydra 

Get SALT Encoding   

  12  0:00  Drone  
  13  0:12  Overlord  
  13  0:16  Drone  
  14  0:31  Drone x2  
  16  0:39  Drone  
  17  0:53  Hatchery  
  17  0:56  Drone  
  17  1:05  Drone  
  18  1:12  Drone  
  18  1:15  Spawning Pool  
  18  1:18  Drone  
  19  1:21  Extractor  
  18  1:30  Drone  
  19  1:42  Drone  
  20  1:57  Overlord  
  20  2:04  Drone  
  21  2:10  Queen x2  
  21  2:11  Zergling x4  
  27  2:17  Drone  
  28  2:23  Drone  
  28  2:29  Drone  
  30  2:33  Drone  
  31  2:39  Overlord  
  32  2:44  Drone  
  32  2:48  Lair  
  32  2:49  Queen  
  34  2:53  Drone  
  34  2:56  Drone  
  36  3:00  Overlord  
  36  3:06  Drone  
  37  3:13  Roach Warren  
  37  3:14  Drone, Evolution Chamber  
  37  3:18  Drone x2  
  38  3:21  Drone  
  38  3:23  Drone x4  
  42  3:32  Evolution Chamber  
  41  3:39  Spine Crawler  
  40  3:42  Extractor, Drone x4  
  40  3:44  Extractor  
  42  3:55  Glial Reconstitution  
  42  3:56  Zerg Missile Weapons Level 1  
  42  3:57  Drone x5  
  42  4:00  Drone  
  48  4:03  Overlord  
  48  4:07  Roach  
  51  4:18  Overlord x2  
  51  4:19  Overlord  
  51  4:24  Roach  
  53  4:32  Roach x2  
  57  4:39  Overseer  
  57  4:40  Hatchery, Overlord  
  57  4:43  Roach x3  
  64  4:45  Roach  
  64  5:01  Drone x4  
  68  5:14  Roach x7  
  82  5:32  Overlord x2  
  82  5:48  Hydralisk Den, Extractor, Drone x2  
  82  5:49  Overlord x2  
  82  5:56  Drone x2  
  84  5:59  Overseer  
  84  6:12  Drone  
  84  6:13  Drone x7  
  84  6:17  Hydralisk x3  
  98  6:24  Hydralisk  
  100  6:28  Hydralisk x5  
  110  6:43  Overlord x2  
  110  6:44  Overlord x5  
  110  6:47  Grooved Spines  
  110  6:51  Lurker Den  
  109  6:59  Hydralisk x2  
  113  7:01  Overlord  
  113  7:02  Hydralisk, Overlord  
  115  7:08  Hatchery  
  115  7:09  Overseer  
  115  7:10  Overseer  
  114  7:21  Hydralisk x2  
  118  7:23  Hydralisk  
  120  7:33  Extractor  
  120  7:34  Extractor  
  118  7:38  Drone x11  
  130  7:44  Drone x2  
  131  7:56  Overlord x2  
  131  7:58  Muscular Augments  
  131  8:05  Hydralisk x9  
  149  8:16  Hydralisk x2  
  149  8:19  Roach  
  153  8:34  Roach  
  153  8:35  Roach x7  
  169  8:58  Hydralisk x8  
  185  9:05  Roach  
  185  9:06  Roach x5  
  185  9:08  Roach  
  182  9:15  Roach x4  
  182  9:16  Roach  
  178  9:18  Roach  
Show
View Real Time Build Order
Export as new Build Order

BZwithWAR Zerg 

Build Orders: Hatch First, Lurkers 

Get SALT Encoding   

  12  0:01  Drone  
  13  0:09  Drone  
  14  0:17  Overlord  
  14  0:26  Extractor  
  14  0:27  Drone  
  15  0:37  Drone x2  
  17  0:54  Hatchery  
  17  0:56  Drone  
  17  1:00  Drone  
  17  1:03  Extractor  
  17  1:06  Drone  
  18  1:18  Spawning Pool  
  17  1:23  Drone  
  18  1:27  Drone  
  19  1:42  Drone  
  20  1:52  Hatchery  
  19  1:56  Drone  
  20  2:04  Queen  
  22  2:08  Drone  
  22  2:14  Drone  
  24  2:23  Spine Crawler  
  24  2:28  Zergling x2  
  24  2:29  Zergling x4  
  26  2:38  Queen  
  26  2:43  Overlord  
  28  2:52  Overlord  
  28  3:03  Lair  
  28  3:04  Zergling x4  
  30  3:26  Drone x5  
  35  3:34  Queen  
  35  3:36  Drone  
  35  3:37  Drone x3  
  41  3:50  Roach Warren  
  40  4:04  Drone  
  40  4:05  Drone  
  42  4:11  Extractor  
  42  4:12  Hatchery  
  42  4:15  Hydralisk Den, Drone x2  
  41  4:28  Evolution Chamber  
  41  4:30  Evolution Chamber  
  41  4:31  Drone x2  
  41  4:35  Extractor  
  40  4:39  Roach x4  
  40  4:43  Overlord  
  48  4:48  Grooved Spines  
  48  4:52  Burrow  
  48  4:59  Extractor  
  47  5:02  Drone  
  47  5:03  Drone x2  
  47  5:07  Overlord  
  50  5:08  Hydralisk  
  50  5:11  Roach  
  54  5:19  Roach  
  54  5:20  Roach  
  57  5:32  Roach  
  57  5:33  Roach x3  
  65  5:42  Queen  
  65  5:46  Zerg Missile Weapons Level 1  
  67  5:54  Zerg Ground Armor Level 1  
  67  6:00  Drone x2  
  69  6:04  Muscular Augments  
  69  6:12  Overlord  
  69  6:15  Overlord  
  69  6:19  Roach  
  71  6:42  Hydralisk x3  
  71  6:43  Hydralisk  
  71  6:44  Roach  
  71  6:46  Overlord  
  82  6:54  Drone  
  82  6:56  Drone x3  
  82  7:01  Overlord  
  85  7:08  Drone x3  
  86  7:11  Drone  
  89  7:18  Lurker Den  
  89  7:20  Drone x2  
  90  7:26  Roach  
  90  7:28  Hydralisk  
  94  7:33  Hydralisk  
  96  7:42  Hydralisk  
  98  7:50  Infestation Pit  
  97  7:51  Drone x3  
  97  7:55  Roach  
  97  7:57  Overlord  
  102  8:01  Overlord  
  102  8:05  Drone  
  103  8:25  Overlord x3  
  103  8:35  Lurker x4  
  103  8:36  Lurker x2  
  103  8:39  Lurker  
  110  8:46  Extractor  
  109  8:49  Extractor  
  109  8:54  Roach x4  
  116  9:02  Hatchery  
  110  9:16  Roach  
  110  9:17  Roach x3  
  96  9:18  Roach  
Tags
 
Matchup
ZvZ
Race
Zerg
Replay Pack
Zerg
Spawn Locations
Cross Positions
Add a new tag
Caveats
  • Supply blocks, unpowered buildings, or Contaminate may cause inaccurate times.
  • Supply counts are checked every 10 seconds.